 Dungeon Crawl Stone Soup version 0.15-a0-60-g2d7d1c5 (webtiles) character file.

251 4tharraofdagon the Cudgeler (level 5, 21/52 HPs)
             Began as a Troll Gladiator on Apr 6, 2014.
             Quit the game in a bailey.
             The game lasted 00:07:14 (1035 turns).

4tharraofdagon the Cudgeler (Troll Gladiator)       Turns: 1035, Time: 00:07:14

HP  21/52        AC  5     Str 23      XL: 5   Next: 50%
MP   2/2         EV 10     Int  5      God:
Gold 49          SH  0     Dex 10      Spells:  0 memorised,  4 levels left

rFire  . . .     SeeInvis .     a - +0 flail
rCold  . . .     Clarity  .     b - +0 animal skin
rNeg   . . .     Conserve .     (shield restricted)
rPois  .         rCorr    .     c - +0 hat
rElec  .         rRot     .     (no cloak)
SustAb . .       Spirit   .     (gloves unavailable)
rMut   .         Warding  .     (boots unavailable)
Gourm  +         Stasis   .     (no amulet)
MR     .....                    (no ring)
                                (no ring)

@: drained, not resistant to hostile enchantments, unstealthy
A: unfitting armour, claws 3, fast metabolism 3, gourmand, regeneration 2,
saprovore 2, shaggy fur 1, tough skin 2
a: no special abilities


You were in a bailey.
You were full.

You visited 1 branch of the dungeon, and saw 7 of its levels.
You also visited: Bailey.

You collected 49 gold pieces.

Inventory:

Hand weapons
 a - a +0,+0 flail (weapon)
Missiles
 d - 2 throwing nets
 h - 6 tomahawks of returning (quivered)
Armour
 b - a +0 animal skin (worn)
 c - a +0 hat (worn)
Magical devices
 k - a wand of digging (15)
Comestibles
 f - 4 meat rations
 g - 2 bread rations
Scrolls
 e - a scroll of recharging {unknown}
 j - a scroll of magic mapping {unknown}
 l - a scroll of immolation {unknown}


   Skills:
 + Level 2.8(2.3) Fighting
 * Level 4.2(3.7) Maces & Flails
 - Level 2.2(1.7) Throwing
 - Level 3.2(2.7) Dodging


You had 4 spell levels left.
You didn't know any spells.

Dungeon Overview and Level Annotations

Branches:
Dungeon (7/15)
 Temple: D:4-7

Altars:


Innate Abilities, Weirdness & Mutations

You are too large for most types of armour.
You have claws for hands.
Your metabolism is lightning-fast.
You like to eat raw meat.
You heal very quickly.
You can eat rotten meat.
You are covered in fur (AC +1).
You have very tough skin (AC +2).


Message History

The orc warrior hits you with a broad axe.
The hobgoblin closely misses you.
Unknown command.
Unknown command.
The orc barely misses you.
Unknown command.
Unknown command.
The gnoll hits you with a war axe!
Unknown command.
Unknown command.
The hobgoblin zaps a wand.
The bolt of negative energy hits you!
You feel drained.
Unknown command.
Unknown command.
Unknown command.
Unknown command.
Unknown command.
You see here a leather armour.
Unknown command.
Are you sure you want to abandon this character and quit the game? (Confirm with "yes".)

##### #...#
#...# #...# #
##.######
#(..#...#...#
#.....8ggoo@#
#...#.o.#...#
######'######
#...# #...#
#...#
######)######
#....≈)≈...(#
#'###≈)≈###'#


You could see 2 orc warriors, a gnoll, an orc and a hobgoblin.

Vanquished Creatures
  A giant frog (D:6)
  A hound (D:4)
  A giant frog skeleton (D:7)
  Ijyb (D:6)
  A gnoll (Bailey)
  A worm (D:5)
  2 orcs
  A bat (D:6)
  8 goblins
  3 hobgoblins
  2 jackals (D:2)
  2 giant geckos
  16 kobolds
  A kobold skeleton (D:7)
  A rat zombie (D:7)
42 creatures vanquished.

Notes
Turn   | Place    | Note
--------------------------------------------------------------
     0 | D:1      | 4tharraofdagon, the Troll Gladiator, began the quest for the Orb.
     0 | D:1      | Reached XP level 1. HP: 19/19 MP: 1/1
   124 | D:3      | You fall through a shaft!
   124 | D:5      | Entered Level 5 of the Dungeon
   157 | D:4      | Noticed a hound
   172 | D:4      | Killed a hound
   172 | D:4      | Reached skill level 3 in Maces & Flails
   172 | D:4      | Reached XP level 2. HP: 15/28 MP: 1/1
   172 | D:4      | Reached XP level 3. HP: 18/35 MP: 2/2
   253 | D:5      | Noticed an orc warrior
   253 | D:5      | Noticed an orc priest
   352 | D:5      | Noticed an orc priest
   417 | D:6      | Noticed Ijyb
   432 | D:6      | Killed Ijyb
   494 | D:6      | Noticed a giant frog
   507 | D:6      | Killed a giant frog
   507 | D:6      | Reached skill level 4 in Maces & Flails
   507 | D:6      | Reached XP level 4. HP: 3/44 MP: 2/2
   598 | D:7      | Reached XP level 5. HP: 42/50 MP: 2/2
   682 | D:7      | Found a flagged portal.
   724 | Bailey   | Entered a bailey
   777 | Bailey   | Noticed an orc warrior
   782 | Bailey   | Noticed an orc warrior
  1026 | Bailey   | Noticed an orc warrior
  1028 | Bailey   | Noticed an orc warrior
  1035 | Bailey   | Quit the game

Action                   |  1- 3 |  4- 6 || total
-------------------------+-------+-------++-------
Melee: Flail             |    82 |    32 ||   114
Throw: Throwing net      |     2 |     1 ||     3
       Tomahawk          |       |    60 ||    60
Evoke: Wand              |     1 |       ||     1
  Use: Potion            |     1 |     1 ||     2
       Scroll            |       |     4 ||     4
